 Dungeon Crawl Stone Soup version 0.31.0-32-g396128a36d (webtiles) character file.

Game seed: 14819911808500982481

102 Magala the Purveyor of Pain (level 4, -8/30 HPs)
             Began as a Human Necromancer on Mar 17, 2024.
             Was an Initiate of Kikubaaqudgha.
             Mangled by Duvessa
             ... wielding a +1 vampiric short sword
              (9 damage)
             ... on level 4 of the Dungeon on Mar 18, 2024.
             The game lasted 00:22:32 (2804 turns).

Magala the Purveyor of Pain (Human Necromancer)     Turns: 2804, Time: 00:22:32

Health: -8/30      AC:  2    Str:  7 (9)  XL:     4   Next: 78%
Magic:  4/8        EV: 12    Int: 16 (17) God:    Kikubaaqudgha [......]
Gold:   188        SH:  0    Dex: 12 (13) Spells: 3/8 levels left

rFire   . . .        i - +0 short sword (speed)
rCold   . . .        (no shield)
rNeg    . . .        a - +0 robe
rPois   .            (no helmet)
rElec   .            (no cloak)
rCorr   .            (no gloves)
SInv    .            (no boots)
Will    .....        (no amulet)
Stlth   ++           l - ring of flight
HPRegen 0.25/turn    (no ring)
MPRegen 0.11/turn

%: no passive effects
@: flying
A: explore regen
a: Renounce Religion


You were on level 4 of the Dungeon.
You worshipped Kikubaaqudgha.
Kikubaaqudgha was noncommittal.
You visited 1 branch of the dungeon, and saw 4 of its levels.

You collected 188 gold pieces.

Inventory:

Hand Weapons
 c - a +0 spear
 g - a +0 hand axe
 h - a +0 dagger
 i - a +0 short sword of speed (weapon)
 p - a +0 long sword
Missiles
 j - 17 stones
Armour
 a - a +0 robe (worn)
 n - a +0 plate armour
 r - a +0 chain mail
 v - a +0 robe
 y - a +0 robe
Jewellery
 l - a ring of flight (left hand)
 w - a ring of flight
Scrolls
 f - 6 scrolls of identify
 k - a scroll of enchant armour {unknown}
 o - 2 scrolls of amnesia {unknown}
 s - 3 scrolls of poison {unknown}
 u - a scroll of revelation {unknown}
 x - a scroll of butterflies {unknown}
Potions
 b - a potion of magic
 d - 2 potions of cancellation (quivered)
 m - 2 potions of might {unknown}
 q - a potion of attraction {unknown}
 t - 2 potions of curing {unknown}


   Skills:
 + Level 2.1 Dodging
 + Level 2.1 Stealth
 + Level 2.7 Spellcasting
 + Level 5.4 Necromancy


You had 3 spell levels left.
You knew the following spells:

 Your Spells              Type           Power      Damage    Failure   Level
a - Necrotise             Necr           76%        1d7       1%          1
b - Animate Dead          Necr           19%        N/A       21%         4

Your spell library contained the following spells:

 Spells                   Type           Power      Damage    Failure   Level
 Vampiric Draining        Necr           19%        2d7       6%          3
 Curse of Agony           Necr           19%        N/A       50%         5


Dungeon Overview and Level Annotations

Branches:
Dungeon (4/15)
 Temple: D:4-7

Altars:
Fedhas
Kikubaaqudgha

Shops:
D:1 [   D:3 ?

Annotations:
D:4 Duvessa


Innate Abilities, Weirdness & Mutations

You regain HP and MP as you explore.


Message History

Press: ? - help, Shift-Dir - straight line, f/p - Duvessa
Aim: Duvessa, wielding a +1 vampiric short sword and wearing a +0 leather armour (moderately wounded, chance to affect: 63%) Duvessa resists with significant effort.
Duvessa is nearby!
Duvessa attacks as she pursues you!
Duvessa hits you with a +1 vampiric short sword!
Duvessa draws strength from your wounds!
You barely miss Duvessa.
Duvessa is lightly wounded.
Duvessa closely misses you.
You closely miss Duvessa.
Duvessa is lightly wounded.
Duvessa shouts, "You can run, but you cannot escape us forever!"
Duvessa hits you with a +1 vampiric short sword!
Duvessa draws strength from your wounds!
You hit Duvessa but do no damage. You closely miss Duvessa.
Duvessa completely misses you.
You hit Duvessa but do no damage.
Duvessa hits you with a +1 vampiric short sword!
* * * LOW HITPOINT WARNING * * *
You hit Duvessa but do no damage.
Duvessa hits you with a +1 vampiric short sword.
* * * LOW HITPOINT WARNING * * *
You closely miss Duvessa.
Okay, then.
Press: ? - help, v - describe, . - travel
Here: Duvessa, wielding a +1 vampiric short sword and wearing a +0 leather armour The floor.
As you read the scroll labelled YTUGAZETONT, it crumbles to dust.
It is a scroll of identify.
d - 2 potions of cancellation (quivered)
Duvessa hits you with a +1 vampiric short sword.
* * * LOW HITPOINT WARNING * * *
Okay, then.
It was a potion of degeneration.
There was something very wrong with that liquid.
You feel weakened.
You feel dopey.
You feel clumsy.
Duvessa hits you with a +1 vampiric short sword!
You die...
Kikubaaqudgha rasps: "You have failed me!
Welcome... death!"

#. #. ####### #..
#######.....# #..
#....##.....####### #.#
#....##...........#
#!.##....##...........#
#..#....######.......#
#...e@..............#
##.....#.####.......#
.......###)# #.......##
........# #.#
#.......#. .........#
#.# #.......#.
#......... ..#
####.####.
#.########...# #.# #.
.. ...#######.## ##
#.......####


You could see Duvessa.

Vanquished Creatures
  Terence (D:3)
  4 adders
  A ribbon worm (D:2)
  An orc (D:3)
  2 bats (D:2)
  6 endoplasms
  2 goblins
  4 hobgoblins
  2 kobolds
  3 quokkas
  A frilled lizard (D:3)
  8 rats
35 creatures vanquished.

Vanquished Creatures (collateral kills)
  A ribbon worm (D:2)
  A goblin (D:3)
2 creatures vanquished.

Grand Total: 37 creatures vanquished

Notes
Turn   | Place    | Note
-------+----------+-------------------------------------------
     0 | D:1      | Magala the Human Necromancer began the quest for the Orb.
     0 | D:1      | Reached XP level 1. HP: 13/13 MP: 3/3
   110 | D:1      | Found Geaj's Armour Shop.
   452 | D:1      | Reached XP level 2. HP: 19/19 MP: 0/5
   767 | D:2      | Reached XP level 3. HP: 15/24 MP: 4/6
  1436 | D:3      | Reached skill level 5 in Necromancy
  1458 | D:3      | Reached XP level 4. HP: 30/30 MP: 1/7
  1460 | D:3      | Found a faded altar of an unknown god.
  1500 | D:3      | Noticed Terence
  1794 | D:3      | Found a blossoming altar of Fedhas.
  1795 | D:3      | Found an ancient bone altar of Kikubaaqudgha.
  1803 | D:3      | Became a worshipper of Kikubaaqudgha
  1814 | D:3      | Learned a level 4 spell: Animate Dead
  1851 | D:3      | Killed Terence
  2031 | D:3      | Found Sol Fid's Magic Scroll Boutique.
  2785 | D:4      | Noticed Duvessa
  2803 | D:4      | HP: 1/30 [Duvessa/+1 vampiric short sword (3)]
  2804 | D:4      | Mangled by Duvessa

Illustrated notes

Levels and vault maps discovered:
D:1:      minmay_arrival_wavy_path, layout_rooms, serial_shops,
          nicolae_shop_crystal
D:2:      layout_basic
D:3:      layout_basic, grunt_temple_overflow_growth_and_decay,
          basic_ecumenical_altar, serial_shops, shop, uniq_terence
D:4:      layout_basic, item_on_display_a, uniq_duvessa, uniq_crazy_yiuf_cottage

Skill      XL: |  1  2  3 |
---------------+----------+-----
Necromancy     | 5 |  5.4
Dodging        | |  2.1
Stealth        | |  2.1
Spellcasting   | |  2.7

Action                     |  1- 3 |  4- 6 || total
---------------------------+-------+-------++-------
  Melee: Spear             |     5 |       ||     5
         Short sword       |    25 |    10 ||    35
         Punch             |     1 |       ||     1
   Cast: Necrotise         |    48 |    26 ||    74
    Use: Scroll            |       |     1 ||     1
         Potion            |       |     1 ||     1
   Stab: Distracted        |     1 |       ||     1
 Armour: Robe              |    14 |    10 ||    24
  Dodge: Dodged            |    18 |     4 ||    22
